 Dungeon Crawl Stone Soup version 0.20.0-1-g1cb1d84 (webtiles) character file.

2444 miragecloak the Transmogrifier (level 9, -3/64 HPs)
             Began as an Octopode Transmuter on May 26, 2017.
             Was an Initiate of Ashenzari.
             Slain by a polar bear (6 damage)
             ... on level 8 of the Dungeon.
             The game lasted 00:11:40 (11011 turns).

miragecloak the Transmogrifier (OpTm)              Turns: 11011, Time: 00:11:41

Health: -3/64      AC:  6    Str:  9    XL:     9   Next: 49%
Magic:  10/10      EV: 10    Int: 13    God:    Ashenzari [......]
Gold:   318        SH:  0    Dex: 16    Spells: 4/12 levels left

rFire    x . .     SeeInvis .     - Unarmed
rCold    + + +     Gourm    .   (shield currently unavailable)
rNeg     . . .     Faith    .   (helmet currently unavailable)
rPois    +         Spirit   .   k - amulet of magic regeneration
rElec    .         Reflect  .   (no ring)
rCorr    .         Harm     .   (no ring)
MR       +....     Clarity  +   (no ring)
Stlth    +.........             (no ring)
Regen    0.2/turn               (no ring)
MPRegen  0.2/turn               (no ring)
                                (no ring)
                                (no ring)

@: ice-form (expiring), starving
A: almost no armour, stealthy swim, amphibious, 8 rings, (constrict 8), clarity,
dopey 1, low mp 1, magic resistance 1
a: End Transformation, Curse Item, Renounce Religion


You were on level 8 of the Dungeon.
You worshipped Ashenzari.
Ashenzari was noncommittal.
You were starving.
You were a creature of crystalline ice.
You visited 2 branches of the dungeon, and saw 9 of its levels.

You collected 318 gold pieces.

Inventory:

Missiles
 a - 143 arrows
Jewellery
 k - an amulet of magic regeneration (around neck)
 z - an uncursed amulet of rage
Scrolls
 d - 3 scrolls of remove curse
 f - 3 scrolls of enchant weapon {unknown}
 g - 3 scrolls of noise {unknown}
 h - 5 scrolls of identify {unknown}
 j - 6 scrolls of enchant armour {unknown}
 l - a scroll of recharging {unknown}
 o - 2 scrolls of magic mapping {unknown}
 q - 2 scrolls of amnesia {unknown}
 s - a scroll of blinking {unknown}
 u - a scroll of teleportation {unknown}
 x - 3 scrolls of immolation {unknown}
 y - a scroll of fear {unknown}
Potions
 e - 5 potions of curing
 i - a potion of agility {unknown}
 m - 2 potions of flight {unknown}
 n - 4 potions of heal wounds {unknown}
 p - a potion of haste {unknown}
 w - a potion of mutation {unknown}
 A - a potion of magic {unknown}
Books
 b - a book of Changes

   Spells                             Type                      Level
   a - Beastly Appendage              Transmutation                1
   b - Sticks to Snakes               Transmutation                2
   c - Spider Form                    Transmutation/Poison         3
   d - Ice Form                       Ice/Transmutation            4
   e - Blade Hands                    Transmutation                5
Comestibles
 c - 2 bread rations
 t - 4 meat rations
 v - 3 royal jellies


   Skills:
 * Level 2.0 Fighting
 - Level 2.0 Dodging
 + Level 8.1 Unarmed Combat
 - Level 2.0 Spellcasting
 - Level 9.0 Transmutations
 - Level 3.1 Ice Magic
 - Level 3.0 Poison Magic


You had 4 spell levels left.
You knew the following spells:

 Your Spells              Type           Power        Failure   Level  Hunger
a - Beastly Appendage     Tmut           ###...       1%          1    ##.....
b - Spider Form           Tmut/Pois      ###.......   6%          3    ####...
c - Ice Form              Ice/Tmut       ###.....     21%         4    #####..


Dungeon Overview and Level Annotations

Branches:
Dungeon (8/15)             Temple (1/1) D:6
   Lair: D:8-11

Altars:
Ashenzari
Cheibriados
Dithmenos
Gozag
Hepliaklqana
Kikubaaqudgha
Makhleb
Qazlal
Ru
Uskayaw
Xom
Yredelemnul
Zin

Shops:
D:8 *

Annotations:
D:4 Dowan, Duvessa


Innate Abilities, Weirdness & Mutations

You cannot wear most types of armour.
You are very stealthy in the water. (Stealth+)
You are amphibious.
You can wear up to eight rings at the same time.
((You can use your tentacles to constrict eight enemies at once.))
((Your skin changes colour to match your surroundings (Stealth+).))
((Your rubbery body absorbs attacks. (AC +1, EV +1)))
You possess an exceptional clarity of mind.
You are dopey. (Int -2)
Your magical capacity is low. (-10% MP)
You are resistant to hostile enchantments. (MR+)


Message History

The polar bear bites you. The polar bear barely misses you.
The polar bear claws you.
* * * LOW HITPOINT WARNING * * *
You hit the polar bear but do no damage.
The polar bear is almost dead.
The polar bear closely misses you.
The polar bear claws you but does no damage.
The polar bear closely misses you.
You barely miss the polar bear.
The polar bear is almost dead.
The polar bear bites you!
* * * LOW HITPOINT WARNING * * *
The polar bear claws you.
* * * LOW HITPOINT WARNING * * *
The polar bear claws you.
* * * LOW HITPOINT WARNING * * *
You barely miss the polar bear.
The polar bear is almost dead.
The polar bear bites you.
You die...

#... ....PP.P.P.PP.P...
...........P.P...P.P.#. .
#.....#.....PP..PP.PF..
..##..##.#.#.PP.P.P...P#
....≈≈Y≈≈≈≈#...P.....#
.≈≈≈≈.....≈.........##
.≈....⌠.⌠.≈.........#
...._...∩..≈....##.#.#####
#.≈....⌠.⌠.≈Y...##........
#.≈≈≈≈.....≈h.............
....≈≈≈≈≈≈≈<##........###
......................#
##.#.#.#....##....#+#.# ≈
#.#.#.#....##.#......#
≈≈..###.............#..#.#.#
≈..........................
≈Y....................######


You could see a polar bear (berserk) and an ice beast.

Vanquished Creatures
  A yak (D:8)
  2 porcupines
  2 ice beasts (D:7)
  A phantom (D:4)
  A sky beast (D:5)
  A black bear (D:7)
  3 centaurs
  2 ogres
  A crocodile (D:7)
  2 bullfrogs
  A water moccasin skeleton (D:7)
  5 killer bees (D:7)
  A bullfrog zombie (D:6)
  A crimson imp (D:6)
  2 hounds
  A centaur skeleton (D:6)
  A jelly (D:7)
  5 orc wizards
  Terence (D:2)
  3 worker ants
  A howler monkey zombie (D:6)
  A worker ant zombie (D:6)
  Robin (D:2)
  12 adders
  4 shadow imps
  2 adder skeletons (D:6)
  2 worms (D:2)
  4 dart slugs
  4 leopard geckos
  14 orcs
  8 bats
  6 giant cockroaches
  13 hobgoblins
  19 jackals
  A quokka (D:4)
  2 ball pythons
  7 frilled lizards
  16 goblins
  2 jackal skeletons
  11 kobolds
  2 leopard gecko skeletons
  A quokka skeleton (D:5)
  A quokka zombie (D:7)
  5 rats
176 creatures vanquished.

Notes
Turn   | Place    | Note
-------+----------+-------------------------------------------
     0 | D:1      | miragecloak the Octopode Transmuter began the quest for the Orb.
     0 | D:1      | Reached XP level 1. HP: 13/13 MP: 3/3
   205 | D:1      | Reached XP level 2. HP: 12/18 MP: 3/5
   467 | D:1      | Reached skill level 3 in Transmutations
   840 | D:1      | Reached XP level 3. HP: 18/23 MP: 4/6
   846 | D:1      | Learned a level 3 spell: Spider Form
  1304 | D:2      | Reached skill level 1 in Poison Magic
  1610 | D:2      | Reached XP level 4. HP: 21/28 MP: 5/7
  1914 | D:2      | Noticed Terence
  1924 | D:2      | Killed Terence
  1924 | D:2      | Reached skill level 4 in Transmutations
  2158 | D:2      | Reached XP level 5. HP: 32/33 MP: 4/8
  2159 | D:2      | Noticed Robin
  2450 | D:2      | Killed Robin
  3058 | D:3      | Found a snail-covered altar of Cheibriados.
  3722 | D:3      | Reached XP level 6. HP: 36/38 MP: 5/9
  4142 | D:4      | Noticed Duvessa
  4236 | D:4      | Reached skill level 5 in Unarmed Combat
  4242 | D:4      | Noticed Dowan
  4523 | D:4      | Found an ancient bone altar of Kikubaaqudgha.
  4524 | D:4      | Found a hazy altar of Hepliaklqana.
  5188 | D:4      | Reached XP level 7. HP: 35/43 MP: 6/10
  5684 | D:5      | Entered Level 5 of the Dungeon
  6060 | D:5      | Gained mutation: You are resistant to hostile enchantments. (MR+) [mutagenic meat]
  6061 | D:5      | Gained mutation: You are dopey. (Int -2) [mutagenic meat]
  6062 | D:5      | Gained mutation: You possess an exceptional clarity of mind. [mutagenic meat]
  6063 | D:5      | Gained mutation: Your magical capacity is low. (-10% MP) [mutagenic meat]
  6820 | D:6      | Found a staircase to the Ecumenical Temple.
  6847 | D:6      | Reached XP level 8. HP: 48/48 MP: 2/9
  6947 | D:6      | Learned a level 4 spell: Ice Form
  7026 | Temple   | Entered the Ecumenical Temple
  7068 | Temple   | Became a worshipper of Ashenzari the Shackled
  7148 | D:6      | Reached skill level 1 in Ice Magic
  7905 | D:6      | Reached skill level 5 in Transmutations
  8397 | D:7      | Reached skill level 6 in Transmutations
  8806 | D:7      | Reached skill level 7 in Transmutations
  9369 | D:7      | Reached XP level 9. HP: 45/53 MP: 2/10
  9509 | D:7      | Reached skill level 8 in Transmutations
 10247 | D:8      | Found Gozag's Platinum Reserve.
 10248 | D:8      | Found an opulent altar of Gozag.
 10603 | D:8      | Reached skill level 9 in Transmutations
 10815 | D:8      | Noticed a polar bear
 11010 | D:8      | HP: 2/64 [polar bear (3)]
 11011 | D:8      | Slain by a polar bear

Skill      XL: |  1  2  3  4  5  6  7  8  9 |
---------------+----------------------------+-----
Transmutations | 3 4 7 9 |  9.0
Poison Magic   | 2 3 |  3.0
Unarmed Combat | 4 6 8 |  8.1
Ice Magic      | 3 |  3.1
Fighting       | 2 |  2.0
Dodging        | |  2.0
Spellcasting   | |  2.0

Action                   |  1- 3 |  4- 6 |  7- 9 || total
-------------------------+-------+-------+-------++-------
Melee: Unarmed           |    94 |   182 |   239 ||   515
       Kick              |    22 |       |       ||    22
       Constrict         |    26 |     4 |     8 ||    38
       Tentacles         |    18 |     2 |     5 ||    25
       Punch             |     2 |       |       ||     2
 Cast: Beastly Appendage |    27 |       |       ||    27
       Spider Form       |       |    37 |    26 ||    63
       Ice Form          |       |       |    18 ||    18
  Use: Potion            |       |       |     1 ||     1
 Stab: Sleeping          |     6 |     1 |     2 ||     9
  Eat: Chunk             |     2 |     8 |    21 ||    31
       Bread ration      |       |     1 |     1 ||     2
       Meat ration       |       |     1 |       ||     1
       Royal jelly       |       |       |     1 ||     1
       Fruit             |       |       |     1 ||     1
Armor: Skin              |     7 |    11 |    36 ||    54
Dodge: Dodged            |    62 |   129 |   148 ||   339
